 Dungeon Crawl Stone Soup version 0.20.1-1-g8b1a95d (webtiles) character file.

87229 karf the Stickfighter (level 16, -10/132 HPs)
             Began as a Formicid Fighter on Oct 28, 2017.
             Was the Champion of Ru.
             Killed from afar by Aizul (23 damage)
             ... with a poison arrow
             ... on level 2 of the Snake Pit on Oct 29, 2017.
             The game lasted 01:44:46 (21160 turns).

karf the Stickfighter (Formicid Fighter)           Turns: 21160, Time: 01:44:47

Health: -10/132    AC: 27    Str: 24    XL:     16   Next: 36%
Magic:  0/16       EV:  7    Int: 12    God:    Ru [******]
Gold:   794        SH:  0    Dex: 14    Spells: 15/15 levels left

rFire    . . .     SeeInvis +   A - +3 quarterstaff
rCold    . . .     Gourm    .   i - +0 large shield
rNeg     + . .     Faith    .   w - +4 plate armour of Ukhin {Int+2 Slay+3}
rPois    .         Spirit   +   (helmet unavailable)
rElec    .         Reflect  .   t - scarf {Spirit}
rCorr    .         Harm     .   K - +2 pair of gloves of the Hurricane {rN+ Int+4}
MR       ++...                  G - +0 pair of boots
Stlth    ..........             k - amulet of regeneration
Regen    0.8/turn               b - ring of protection from magic
MPRegen  0.2/turn               D - ring of wizardry

@: confused, lethally poisoned (-10 -> -13), no scrolls
A: permanent stasis, dig shafts and tunnels, four strong arms, antennae 3, fangs
1, yellow scales 1, dopey 1, screaming 1, inability to read while threatened,
inability to use devices, hated by all, inability to train dodging
a: Dig, Shaft Self, Draw Out Power, Power Leap, Apocalypse, Renounce Religion


You were on level 2 of the Snake Pit.
You worshipped Ru.
Ru was exalted by your worship.
You were hungry.

You visited 4 branches of the dungeon, and saw 22 of its levels.
You also visited: Sewer.

You collected 1586 gold pieces.
You spent 792 gold pieces at shops.

Inventory:

Hand Weapons
 A - a +3 quarterstaff (weapon)
Missiles
 x - 8 silver tomahawks (quivered)
Armour
 i - a +0 large shield (worn)
 t - a scarf of spirit shield (worn)
 w - the +4 plate armour of Ukhin (worn) {Int+2 Slay+3}
   (You bought it in a shop on level 5 of the Dungeon)

   It affects your intelligence (+2).
   It affects your accuracy and damage with ranged weapons and melee attacks
   (+3).
 G - a +0 pair of boots (worn)
 K - the +2 pair of gloves of the Hurricane (worn) {rN+ Int+4}
   (You found it on level 4 of the Lair of Beasts)

   It affects your intelligence (+4).
   It protects you from negative energy.
Jewellery
 b - a ring of protection from magic (left hand)
 k - an amulet of regeneration (around neck)
 D - a ring of wizardry (right hand)
Scrolls
 c - 7 scrolls of enchant armour
 e - 11 scrolls of remove curse
 n - a scroll of brand weapon
 o - 3 scrolls of enchant weapon
 p - 2 scrolls of magic mapping
 q - a scroll of fog
 v - 14 scrolls of identify
 y - a scroll of fear
 B - 3 scrolls of amnesia
Potions
 a - a potion of berserk rage
 d - 4 potions of curing
 h - 2 potions of brilliance
 j - 3 potions of cancellation
 l - 3 potions of mutation
 u - 9 potions of flight
 z - a potion of lignification
 F - a potion of ambrosia
 H - a potion of agility
Books
 g - a book of Flames

   Spells                             Type                      Level
   a - Flame Tongue                   Conjuration/Fire             1
   b - Throw Flame                    Conjuration/Fire             2
   c - Conjure Flame                  Conjuration/Fire             3
   d - Inner Flame                    Hexes/Fire                   3
   e - Sticky Flame                   Conjuration/Fire             4
   f - Fireball                       Conjuration/Fire             5
 m - a book of Minor Magic

   Spells                             Type                      Level
   a - Magic Dart                     Conjuration                  1
   b - Blink                          Translocation                2
   c - Call Imp                       Summoning                    2
   d - Slow                           Hexes                        2
   e - Conjure Flame                  Conjuration/Fire             3
   f - Mephitic Cloud                 Conjuration/Poison/Air       3
Comestibles
 f - 11 bread rations
 r - 11 meat rations
 s - 7 royal jellies
 C - a fruit


   Skills:
 + Level 13.9 Fighting
 * Level 16.7 Staves
 + Level 13.9 Armour
 + Level 14.9 Shields


You had 15 spell levels left.
You didn't know any spells.

Dungeon Overview and Level Annotations

Branches:
Dungeon (13/15)            Temple (0/1) D:7            Lair (6/6) D:11
  Swamp (0/4) Lair:2        Snake (2/4) Lair:4        Slime (0/5) Lair:6
    Orc (1/2) D:9          Vaults (0/5) D:13

Altars:
Elyvilon
Fedhas
Gozag
Kikubaaqudgha
Makhleb
Nemelex Xobeh
Ru
Sif Muna
Trog
Beogh
Jiyva

Shops:
D:4 (   D:5 [   D:9 *   D:11 :*   Snake:1 *([

Portals:
Trove: D:12 (give +6 demon blade)

Annotations:
Snake:2 Aizul


Innate Abilities, Weirdness & Mutations

You cannot be hasted, slowed, berserked, paralysed or teleported.
You can dig through walls and to a lower floor.
Your four strong arms can wield two-handed weapons with a shield.
You have a pair of large antennae on your head. (SInv)
You occasionally shout uncontrollably at your foes.
You cannot read scrolls while threatened.
You cannot study or use magical devices.
You are hated by all.
You cannot train Dodging skill.
You have very sharp teeth.
You are partially covered in yellow scales. (AC +2)
You are dopey. (Int -2)


Message History

The bolt of poison hits you!
You are poisoned.
* * * LOW HITPOINT WARNING * * *
You feel better.
Aizul coils herself and waves her upper body at you.
The poison arrow hits you!
You are poisoned.
* * * LOW HITPOINT WARNING * * *
You feel better. Aizul casts a spell at you.
You easily resist.
Aizul casts a spell at you.
You easily resist.
You redirect Aizul's attack!
You are confused.
You feel invigorated. Aizul casts a spell at you. The poison arrow hits you!
You are poisoned.
You die...

## #.. #..# ....# #...# ###
#...### ####.###
#.....#####.###..######
#............##.....# #
####........S@...#...... #
##.####............#....(
###....###......###..###..<
.###....###.....####.# ## ###
..###..)(#######.....### ####.#
...###....## #.......####....##
....###....#####..............###
.....###.......)#..........#### #
......###.......##........## #


You could see Aizul.

Vanquished Creatures
  Vashnia (Snake:2)
  A stone giant (D:13)
  Harold (D:9)
  9 vault guards
  2 naga warriors (Snake:2)
  5 hydras
  A catoblepas (Lair:6)
  2 anacondas
  4 two-headed ogres
  3 centaur warriors
  10 death yaks
  6 naga sharpshooters (Snake:2)
  Nergalle (D:12)
  A naga ritualist (Snake:2)
  A cyclops (D:10)
  A manticore (D:11)
  A necromancer (Lair:5)
  2 oklob plants (Lair:4)
  2 mana vipers (Snake:2)
  An ugly thing (D:11)
  4 salamanders
  8 elephants (Lair:6)
  6 black mambas
  A guardian serpent (Snake:2)
  4 naga magi
  Joseph (D:10)
  23 spiny frogs
  Psyche (D:8)
  3 rime drakes
  A kobold demonologist (D:10)
  8 komodo dragons
  5 trolls
  4 tyrant leeches (Lair:6)
  A merfolk (D:9)
  Grinder (D:3)
  2 polar bears
  34 blink frogs
  2 hornets
  7 dream sheep (Lair:3)
  3 hippogriffs
  Sigmund (D:5)
  3 wyverns
  40 yaks
  4 basilisks
  Eustachio (D:5)
  6 vampire mosquitoes (Lair:6)
  15 nagas
  8 porcupines
  9 water moccasins
  2 black bears
  20 orc warriors
  3 sky beasts
  An eye of draining (D:11)
  An ice beast (D:9)
  3 necrophages
  4 ogres
  10 wolves
  The ghost of Frank the Ducker, an amateur OpFi (D:3)
  12 crocodiles
  11 centaurs
  27 bullfrogs
  6 scorpions
  A wyvern skeleton (D:13)
  4 killer bees (D:9)
  4 wights (D:11)
  12 electric eels
  3 howler monkeys
  A vampire bat (Lair:3)
  2 crimson imps
  3 bullfrog zombies
  2 centaur zombies
  7 hounds
  13 orc priests
  4 centaur skeletons
  3 jellies
  Ijyb (D:5)
  4 iguanas
  18 orc wizards
  11 worker ants
  5 hell rats (Lair:4)
  A merfolk siren (Sewer)
  A polar bear simulacrum (Lair:5)
  A merfolk avatar (Sewer)
  4 wolf simulacra (Lair:5)
  3 yak simulacra (Lair:5)
  2 hound zombies (D:6)
  A howler monkey zombie (D:10)
  A worker ant zombie (D:6)
  16 gnolls
  A howler monkey skeleton (D:4)
  2 river rats (Sewer)
  16 adders
  A shadow imp (D:6)
  3 adder zombies
  3 worms
  A dart slug (D:1)
  4 leopard geckos
  80 orcs
  6 ball pythons
  8 giant cockroaches
  14 goblins
  8 hobgoblins
  18 jackals
  8 quokkas
  10 bats
  9 frilled lizards
  7 kobolds
  2 leopard gecko skeletons
  A quokka skeleton (D:7)
  A quokka zombie (D:7)
  31 rats
  3 river rat simulacra (Lair:5)
  4 fungi
  3 plants (Lair:2)
734 creatures vanquished.

Vanquished Creatures (others)
  A two-headed ogre (D:10)
  A death yak (Lair:6)
  A naga mage (Snake:1)
  A blink frog (Lair:6)
  A yak (Lair:3)
  A water moccasin (Lair:2)
  A crocodile (Lair:1)
  An orc wizard (D:12)
  3 orcs
  21 fungi
  47 plants
79 creatures vanquished.

Grand Total: 813 creatures vanquished

Notes
Turn   | Place    | Note
-------+----------+-------------------------------------------
     0 | D:1      | karf the Formicid Fighter began the quest for the Orb.
     0 | D:1      | Reached XP level 1. HP: 18/18 MP: 1/1
   119 | D:1      | Reached XP level 2. HP: 24/24 MP: 2/2
   471 | D:1      | Reached XP level 3. HP: 25/29 MP: 3/3
  1258 | D:2      | Reached XP level 4. HP: 31/37 MP: 4/4
  1460 | D:2      | Reached skill level 3 in Staves
  2017 | D:3      | You fall through a shaft for 2 floors!
  2017 | D:5      | Entered Level 5 of the Dungeon
  2017 | D:5      | Noticed Ijyb
  2054 | D:4      | Reached XP level 5. HP: 35/42 MP: 5/5
  2095 | D:3      | Noticed Frank's ghost (amateur OpFi)
  2106 | D:3      | Killed Frank's ghost
  2106 | D:3      | Reached XP level 6. HP: 35/49 MP: 6/6
  2266 | D:3      | Reached skill level 4 in Staves
  2298 | D:3      | Noticed Grinder
  2323 | D:3      | Killed Grinder
  2323 | D:3      | Reached skill level 5 in Fighting
  2323 | D:3      | Reached skill level 5 in Armour
  2323 | D:3      | Reached XP level 7. HP: 56/56 MP: 7/7
  2396 | D:3      | Reached skill level 5 in Shields
  2494 | D:3      | Reached skill level 5 in Staves
  3260 | D:4      | Reached XP level 8. HP: 55/62 MP: 6/8
  3273 | D:4      | Found a sacrificial altar of Ru.
  3435 | D:4      | Became a worshipper of Ru the Awakened
  3694 | D:4      | Found Ugrouj's Weapon Shop.
  3954 | D:5      | Reached skill level 6 in Staves
  4044 | D:5      | Noticed Sigmund
  4044 | D:5      | Noticed Eustachio
  4229 | D:5      | Found a white marble altar of Elyvilon.
  4306 | D:5      | Killed Ijyb
  4413 | D:5      | Killed Sigmund
  4452 | D:5      | Killed Eustachio
  4452 | D:5      | Reached XP level 9. HP: 67/69 MP: 7/9
  4464 | D:5      | Reached skill level 7 in Staves
  4653 | D:5      | Found Joinger's Antique Armour Boutique.
  5162 | D:6      | Gained mutation: You are hated by all. [Ru sacrifice]
  5162 | D:6      | Reached * piety under Ru
  5195 | D:6      | Found a glowing drain.
  5222 | Sewer    | Entered a sewer
  6062 | D:6      | Found a bloodstained altar of Trog.
  6187 | D:6      | Reached skill level 8 in Staves
  6414 | D:6      | Found a sparkling altar of Nemelex Xobeh.
  6414 | D:6      | Found an ancient bone altar of Kikubaaqudgha.
  6490 | D:6      | Found a white marble altar of Elyvilon.
  6675 | D:6      | Reached XP level 10. HP: 67/79 MP: 8/10
  6689 | D:7      | Found a staircase to the Ecumenical Temple.
  6816 | D:7      | Gained mutation: You cannot study or use magical devices. [Ru sacrifice]
  6816 | D:7      | Reached ** piety under Ru
  6816 | D:7      | Reached *** piety under Ru
  7479 | D:8      | Noticed a two-headed ogre
  7501 | D:8      | Killed a two-headed ogre
  7501 | D:8      | Reached skill level 9 in Staves
  7612 | D:8      | Noticed Psyche
  7624 | D:8      | Killed Psyche
  7990 | D:9      | Found Mitas's Assorted Antiques.
  7995 | D:9      | Bought a scroll labeled ATORON RO ZEEX for 32 gold pieces
  7995 | D:9      | Bought a scroll labeled ROROSSARAE for 32 gold pieces
  8083 | D:9      | Found a deep blue altar of Sif Muna.
  8083 | D:9      | Found a burning altar of Makhleb.
  8360 | D:9      | Found an opulent altar of Gozag.
  8480 | D:9      | Gained mutation: You cannot read scrolls while threatened. [Ru sacrifice]
  8480 | D:9      | Reached **** piety under Ru
  8480 | D:9      | Reached ***** piety under Ru
  8552 | D:9      | Reached XP level 11. HP: 57/87 MP: 7/11
  8621 | D:9      | Reached skill level 10 in Staves
  8847 | D:9      | Found a staircase to the Orcish Mines.
  8859 | Orc:1    | Entered Level 1 of the Orcish Mines
  8859 | Orc:1    | Noticed Harold
  8872 | D:9      | Killed Harold
  9180 | D:10     | Entered Level 10 of the Dungeon
  9257 | D:10     | Noticed a cyclops
  9257 | D:10     | Noticed Joseph
  9310 | D:10     | Noticed a centaur warrior
  9322 | D:10     | Killed a centaur warrior
  9328 | D:10     | Noticed a two-headed ogre
  9341 | D:10     | Killed a two-headed ogre
  9524 | D:10     | Noticed a two-headed ogre
  9531 | D:10     | Killed a two-headed ogre
  9531 | D:10     | Reached skill level 10 in Shields
  9561 | D:10     | Reached skill level 11 in Staves
  9605 | D:10     | Killed Joseph
  9880 | D:10     | Killed a cyclops
 10361 | D:11     | You fall through a shaft for 2 floors!
 10384 | D:13     | Reached XP level 12. HP: 76/97 MP: 9/12
 10643 | D:11     | Reached skill level 10 in Fighting
 10649 | D:11     | Reached skill level 10 in Armour
 10705 | D:11     | Found Ykuhor's Assorted Antiques.
 10709 | D:11     | Gained mutation: Your body sometimes deteriorates upon taking damage. [mutagenic meat]
 10710 | D:11     | Gained mutation: You have sharp toenails. [mutagenic meat]
 10711 | D:11     | Gained mutation: Your flesh is heat resistant. (rF+) [mutagenic meat]
 10713 | D:11     | Lost mutation: Your flesh is heat resistant. (rF+) [potion of mutation]
 10713 | D:11     | Lost mutation: Your body sometimes deteriorates upon taking damage. [potion of mutation]
 10713 | D:11     | Lost mutation: You have sharp toenails. [potion of mutation]
 10713 | D:11     | Gained mutation: You have very sharp teeth. [potion of mutation]
 10713 | D:11     | Gained mutation: You are dopey. (Int -2) [potion of mutation]
 10713 | D:11     | Gained mutation: You are partially covered in yellow scales. (AC +2) [potion of mutation]
 10786 | D:11     | Reached skill level 12 in Staves
 10847 | D:11     | Found a staircase to the Lair.
 11056 | D:11     | Found Heckius's Book Shop.
 11383 | D:12     | Noticed Nergalle
 11402 | D:12     | Killed Nergalle
 11440 | D:12     | Noticed a two-headed ogre
 11456 | D:12     | Killed a two-headed ogre
 11519 | D:12     | Noticed a two-headed ogre
 11527 | D:12     | Killed a two-headed ogre
 11852 | D:12     | Noticed a vault guard
 11875 | D:12     | Killed a vault guard
 11882 | D:12     | Found a portal to a secret trove of treasure.
 12133 | D:13     | Noticed a centaur warrior
 12149 | D:13     | Killed a centaur warrior
 12183 | D:13     | Noticed a centaur warrior
 12195 | D:13     | Killed a centaur warrior
 12195 | D:13     | Reached XP level 13. HP: 69/104 MP: 8/13
 12256 | D:13     | Found a roughly hewn altar of Beogh.
 12380 | D:12     | Reached skill level 13 in Staves
 12570 | D:13     | Found a gate to the Vaults.
 12570 | D:13     | Noticed a vault guard
 12570 | D:13     | Noticed a vault guard
 12570 | D:13     | Noticed a vault guard
 12570 | D:13     | Noticed a vault guard
 12570 | D:13     | Noticed a vault guard
 12570 | D:13     | Noticed a stone giant
 12571 | D:13     | Noticed a vault guard
 12571 | D:13     | Noticed a vault guard
 12571 | D:13     | Noticed a vault guard
 12572 | D:13     | Killed a vault guard
 12577 | D:13     | Killed a vault guard
 12579 | D:13     | Killed a vault guard
 12582 | D:13     | Killed a vault guard
 12591 | D:13     | Killed a vault guard
 12609 | D:13     | Killed a stone giant
 12622 | D:13     | Killed a vault guard
 12622 | D:13     | Killed a vault guard
 12631 | D:13     | Killed a vault guard
 12815 | D:13     | Found a blossoming altar of Fedhas.
 13376 | D:5      | Bought an amber-encrusted plate armour for 728 gold pieces
 13386 | D:5      | Identified the +4 plate armour of Ukhin {Int+2 Slay+3} (You bought it in a shop on level 5 of the Dungeon)
 13607 | Lair:1   | Entered Level 1 of the Lair of Beasts
 13751 | Lair:1   | Gained mutation: You occasionally shout uncontrollably at your foes. [Ru sacrifice]
 14461 | Lair:2   | Reached skill level 14 in Staves
 14501 | Lair:2   | Reached XP level 14. HP: 114/114 MP: 14/14
 14528 | Lair:2   | Found a staircase to the Swamp.
 15746 | Lair:4   | Found a staircase to the Snake Pit.
 16041 | Lair:4   | Got a pair of faintly humming gloves
 16052 | Lair:4   | Identified the +2 pair of gloves of the Hurricane {rN+ Int+4} (You found it on level 4 of the Lair of Beasts)
 17340 | Lair:5   | Reached skill level 15 in Staves
 17787 | Lair:6   | Entered Level 6 of the Lair of Beasts
 18075 | Lair:6   | Reached XP level 15. HP: 78/122 MP: 9/15
 18528 | Lair:6   | Found a staircase to the Slime Pits.
 18528 | Lair:6   | Found a viscous altar of Jiyva.
 18701 | Lair:6   | Reached skill level 16 in Staves
 19668 | Snake:1  | Entered Level 1 of the Snake Pit
 19761 | Snake:1  | Gained mutation: You cannot train Dodging skill. [Ru sacrifice]
 19761 | Snake:1  | Reached ****** piety under Ru
 19783 | Snake:1  | Found Woariof Idyrph's Armour Emporium.
 19783 | Snake:1  | Found Ohetzeo's Weapon Shoppe.
 19902 | Snake:1  | Found Oteaniox's General Store.
 20181 | Snake:1  | Reached XP level 16. HP: 131/131 MP: 16/16
 20231 | Snake:2  | Noticed Vashnia
 20552 | Snake:2  | Killed Vashnia
 21129 | Snake:2  | Noticed Aizul
 21156 | Snake:2  | HP: 1/132 [Aizul/poison arrow (21)]
 21160 | Snake:2  | Killed from afar by Aizul

Skill      XL: |  1  2  3  4  5  6  7  8  9 10 11 12 13 14 15 |
---------------+----------------------------------------------+-----
Armour         | 4 5 6 7 8 9 10 11 12 13 | 13.9
Fighting       | 4 5 6 7 8 9 10 11 12 13 | 13.9
Staves         | 3 4 5 6 8 9 11 12 14 15 16 | 16.7
Shields        | 4 5 6 7 9 10 11 12 13 14 | 14.9

Action                   |  1- 3 |  4- 6 |  7- 9 | 10-12 | 13-15 | 16-18 || total
-------------------------+-------+-------+-------+-------+-------+-------++-------
Melee: Quarterstaff      |    89 |    97 |   543 |   832 |  1329 |   200 ||  3090
       Bite              |       |       |       |    29 |   191 |    31 ||   251
Invok: Sacrifice Love    |       |       |     1 |       |       |       ||     1
       Sacrifice Words   |       |       |       |     1 |       |       ||     1
       Sacrifice Artific |       |       |       |     1 |       |       ||     1
       Apocalypse        |       |       |       |     1 |     6 |     1 ||     8
       Sacrifice Purity  |       |       |       |       |     1 |       ||     1
       Reject Sacrifices |       |       |       |       |     1 |       ||     1
       Sacrifice Nimblen |       |       |       |       |     1 |       ||     1
  Use: Scroll            |     1 |     6 |     7 |     8 |     5 |       ||    27
       Potion            |       |     3 |     6 |     3 |     5 |     7 ||    24
 Stab: Invisible         |       |       |       |     6 |    10 |     1 ||    17
       Distracted        |       |       |       |     5 |     5 |     2 ||    12
       Paralysed         |       |       |       |     4 |    15 |       ||    19
  Eat: Chunk             |       |     5 |     9 |    19 |    20 |       ||    53
       Meat ration       |       |       |     1 |       |     1 |       ||     2
       Fruit             |       |       |       |     2 |     2 |     1 ||     5
       Royal jelly       |       |       |       |     1 |       |     1 ||     2
Armor: Scale mail        |    26 |    31 |       |       |       |       ||    57
       Skin              |       |     6 |       |       |       |       ||     6
       Ring mail         |       |       |    42 |    69 |     8 |       ||   119
       Leather armour    |       |       |    68 |    59 |       |       ||   127
       Plate armour      |       |       |       |       |   298 |    40 ||   338
Dodge: Dodged            |    27 |    21 |   176 |   143 |   142 |    19 ||   528
Block: Shield            |    37 |    42 |   242 |    67 |       |       ||   388
       Large shield      |       |       |       |   442 |   799 |   110 ||  1351
